AoeStats
← GUNGORYES

Lombardia

509460918Analyzed
4v4 RM · 4d ago on Sep 26, 2026· 63m 23s· 8 players
Game mode
Random Map
Map size
Large (8 player)
Population
200
Speed
Normal
Resources
Standard
Victory
Conquest
Starting age
Dark Age
Ending age
Imperial Age
RankedLock teamsTeams togetherTeam positionsShared explorationLock speedFull tech treeHidden civsTurbo modeCheats
Victory
Defeat
🇦🇷 Dravidians · Argentina
873
+14
🇬🇷 Franks · Greece
828
+16
🇳🇿 Varangians · New Zealand
808
+16
781
+18
🇹🇷 Ethiopians · Türkiye
936
-68
🇹🇷 Portuguese · Türkiye
809
-15
🇹🇷 Khmer · Türkiye
809
-15
🇹🇷 Turks · Türkiye
729
-12
avvocatore
0:32 Loom
10:15 Feudal Age
11:48 Wheelbarrow
10:59 Town Watch
11:04 Double-Bit Axe
13:48 Gold Mining
22:25 Castle Age
20:21 Stone Mining
23:03 Forging
22:54 Scale Mail Armor
23:00 Scale Barding Armor
23:25 Hand Cart
23:47 Gold Shaft Mining
23:26 Bow Saw
23:18 Town Patrol
27:23 Chain Barding Armor
27:39 Iron Casting
27:19 Chain Mail Armor
27:53 Husbandry
33:31 Imperial Age
33:39 Cavalier
34:22 Chivalry
34:42 Conscription
33:46 Pikeman
34:26 Squires
34:12 Arson
36:24 Blast Furnace
38:45 Plate Mail Armor
38:50 Plate Barding Armor
38:41 Paladin
vloker1
8:48 Loom
11:50 Feudal Age
12:30 Horse Collar
12:38 Double-Bit Axe
20:06 Castle Age
20:21 Padded Archer Armor
20:11 Fletching
22:33 Bow Saw
22:24 Heavy Plow
22:22 Bodkin Arrow
22:42 Leather Archer Armor
24:44 Wheelbarrow
26:29 Thumb Ring
32:17 Imperial Age
33:54 Hand Cart
34:43 Two-Man Saw
34:17 Gold Mining
34:32 Caravan
35:21 Ballistics
37:46 Chemistry
36:43 Murder Holes
36:59 Masonry
37:04 Fortified Wall
37:20 Conscription
37:47 Elite Elephant Archer
42:08 Ring Archer Armor
41:38 Bracer
Leléu Antônio da Anunciação
11:34 Feudal Age
17:19 Castle Age
16:08 Double-Bit Axe
25:22 Wheelbarrow
28:01 Hand Cart
30:04 Caravan
30:25 Gold Mining
31:56 Bow Saw
31:30 Horse Collar
37:03 Ballistics
41:35 Imperial Age
39:40 Guard Tower
42:15 Tusk Swords
43:36 Elite Ballista Elephant
46:40 Double Crossbow
53:14 Heavy Plow
54:52 Chemistry
54:03 Fortified Wall
55:13 Keep
63:28 Conscription
xxx_Panther_xxx1
9:47 Loom
11:34 Feudal Age
12:58 Town Watch
17:14 Castle Age
16:45 Double-Bit Axe
18:54 Bow Saw
19:32 Horse Collar
23:21 Wheelbarrow
25:34 Hand Cart
25:26 Town Patrol
29:28 Ballistics
29:07 Fletching
29:28 Forging
29:54 Heavy Plow
32:09 Squires
33:26 Scale Barding Armor
37:45 Imperial Age
34:59 Light Cavalry
36:35 Bloodlines
36:26 Husbandry
36:53 Chain Barding Armor
37:10 Iron Casting
37:22 Masonry
37:24 Fortified Wall
38:58 Elite Varangian Guard
39:13 Hussar
42:32 Capped Ram
44:07 Plate Barding Armor
44:35 Blast Furnace
43:38 Siege Ram
44:56 Scale Mail Armor
46:30 Gothikon
53:43 Chain Mail Armor
57:05 Cavalier
60:26 Vendel Legacy
61:30 Conscription
62:35 Plate Mail Armor
tirsinulan
14:48 Feudal Age
15:57 Loom
16:07 Double-Bit Axe
18:48 Horse Collar
23:12 Castle Age
23:13 Gold Mining
24:56 Wheelbarrow
24:15 Stone Mining
26:04 Gold Shaft Mining
27:58 Heavy Plow
28:21 Hand Cart
28:37 Bow Saw
29:43 Stone Shaft Mining
30:10 Arson
30:51 Squires
36:47 Imperial Age
34:45 Royal Heirs
35:33 Scale Mail Armor
36:24 Chain Mail Armor
36:28 Forging
38:17 Plate Mail Armor
39:08 Scale Barding Armor
39:19 Elite Shotel Warrior
GUNGORYES
0:44 Loom
12:54 Feudal Age
13:35 Horse Collar
16:32 Wheelbarrow
15:48 Double-Bit Axe
17:05 Stone Mining
17:16 Gold Mining
26:16 Scale Barding Armor
26:11 Scale Mail Armor
28:15 Castle Age
27:23 Padded Archer Armor
27:15 Fletching
27:36 Forging
29:30 Hand Cart
29:38 Chain Mail Armor
29:46 Chain Barding Armor
30:18 Bow Saw
32:13 Stone Shaft Mining
32:07 Caravan
32:28 Pikeman
34:03 Leather Archer Armor
38:05 Heavy Plow
40:16 Husbandry
41:30 Iron Casting
41:18 Fortified Wall
46:37 Imperial Age
46:29 Coinage
50:08 Chemistry
50:22 Two-Man Saw
49:47 Halberdier
50:01 Cavalier
yesilyurt29
0:39 Loom
14:04 Feudal Age
15:20 Wheelbarrow
14:33 Double-Bit Axe
14:32 Horse Collar
19:46 Castle Age
17:46 Stone Mining
19:45 Gold Mining
21:03 Hand Cart
20:51 Heavy Plow
21:03 Bow Saw
26:26 Gold Shaft Mining
29:15 Stone Shaft Mining
29:21 Caravan
33:14 Imperial Age
34:00 Ballistics
33:53 Forging
34:01 Double Crossbow
34:22 Conscription
34:03 Tusk Swords
34:38 Crop Rotation
35:13 Chemistry
34:45 Heavy Scorpion
39:29 Light Cavalry
40:19 Bloodlines
41:43 Iron Casting
41:09 Scale Mail Armor
41:10 Padded Archer Armor
41:01 Fletching
41:03 Heated Shot
41:24 Fortified Wall
40:55 Capped Ram
41:45 Siege Ram
42:10 Hussar
ysf5353
0:30 Loom
13:07 Feudal Age
14:23 Wheelbarrow
13:13 Man-at-Arms
13:57 Double-Bit Axe
14:06 Horse Collar
18:34 Town Watch
19:02 Gold Mining
19:02 Stone Mining
20:25 Forging
20:15 Scale Mail Armor
20:57 Arson
22:46 Stone Mining
25:38 Castle Age
24:06 Fletching
24:16 Padded Archer Armor
24:21 Scale Barding Armor
26:20 Heavy Plow
26:37 Bow Saw
29:07 Gold Shaft Mining
29:50 Town Patrol
31:40 Squires
34:06 Caravan
36:17 Fortified Wall
36:20 Masonry
37:47 Heated Shot
37:52 Murder Holes
38:10 Treadmill Crane
39:22 Iron Casting
38:43 Bodkin Arrow
39:03 Chain Mail Armor
40:06 Hand Cart
42:31 Imperial Age
42:34 Capped Ram
43:13 Elite Janissary
44:14 Conscription
45:25 Blast Furnace
45:07 Artillery
45:20 Guard Tower
45:35 Bodkin Arrow
45:57 Leather Archer Armor
45:33 Long Swordsman
50:32 Ballistics
56:48 Two-Man Saw
57:41 Hoardings
56:36 Sappers
57:48 Husbandry
58:50 Bloodlines
Connection lost

Rejoining the realm…

Still unreachable

The connection could not be restored.

Session expired

The server has moved on; the page needs a fresh start.